 Dungeon Crawl Stone Soup version 0.22-a0-282-gdd34a7d (webtiles) character file.

99 b5mith the Conjurer (level 4, -2/24 HPs)
             Began as a Deep Elf Conjurer on Mar 17, 2018.
             Killed from afar by an orc wizard (4 damage)
             ... with a puff of flame
             ... on level 3 of the Dungeon.
             The game lasted 00:07:18 (1941 turns).

b5mith the Conjurer (Deep Elf Conjurer)             Turns: 1941, Time: 00:07:18

Health: -2/24      AC:  2    Str:  6    XL:     4   Next: 45%
Magic:  0/12       EV: 14    Int: 20    God:
Gold:   107        SH:  0    Dex: 15    Spells: 10/11 levels left

rFire    . . .     SeeInvis +   q - +0 short sword
rCold    . . .     Gourm    .   (no shield)
rNeg     . . .     Faith    .   a - +0 robe
rPois    +         Spirit   .   (no helmet)
rElec    .         Reflect  .   (no cloak)
rCorr    .         Harm     .   (no gloves)
MR       .....                  (no boots)
Stlth    +++.......             k - amulet of rage
HPRegen  0.08/turn              d - ring of poison resistance
MPRegen  0.13/turn              p - ring of see invisible

@: no status effects
A: no striking features
a: Evoke Berserk Rage


You were on level 3 of the Dungeon.
You were not hungry.

You visited 1 branch of the dungeon, and saw 3 of its levels.

You collected 107 gold pieces.

Inventory:

Hand Weapons
 q - a +0 short sword (weapon)
Armour
 a - a +0 robe (worn)
Jewellery
 d - a ring of poison resistance (left hand)
 k - an amulet of rage (around neck)
 o - an uncursed ring of protection from fire
 p - a ring of see invisible (right hand)
Scrolls
 b - a scroll of enchant armour {unknown}
 e - 2 scrolls of fear {unknown}
 h - a scroll of remove curse {unknown}
 j - 3 scrolls of identify {unknown}
 r - a scroll of teleportation {unknown}
 s - a scroll of noise {unknown}
Potions
 f - a potion of degeneration {unknown}
 g - a potion of curing {unknown}
 i - a potion of lignification {unknown}
 m - 2 potions of brilliance {unknown}
 n - a potion of heal wounds {unknown}
Comestibles
 c - 10 rations
 l - 3 chunks of flesh


   Skills:
 + Level 3.5 Dodging
 + Level 3.7 Stealth
 + Level 4.1 Spellcasting
 + Level 5.0 Conjurations


You had 10 spell levels left.
You knew the following spells:

 Your Spells              Type           Power        Failure   Level  Hunger
a - Magic Dart            Conj           ###.         1%          1    None


Dungeon Overview and Level Annotations

Branches:
Dungeon (3/15)

Altars:

Annotations:
D:3 ultrashaft's ghost, amateur DrTm


Message History

The orc wizard hits you with a dagger.
* * * LOW HITPOINT WARNING * * *
You hit the orc wizard but do no damage.
The orc wizard is almost dead.
The orc wizard completely misses you.
You closely miss the orc wizard.
The orc wizard is almost dead.
The orc wizard gestures at you while chanting.
The magic dart hits you!
* * * LOW HITPOINT WARNING * * *
Casting: Magic Dart (safe; 1% risk of failure)
Confirm with . or Enter, or press ? or * to list all spells.
Aiming: Magic Dart (safe; 1% risk of failure)
Press: ? - help, Shift-Dir - straight line, f/p - orc wizard
Aim: an orc wizard, wielding a dagger and wearing a robe (almost dead, slightly transparent)
The magic dart hits the orc wizard.
The orc wizard is almost dead.
The orc wizard points at you and mumbles some strange words.
The puff of flame hits you!
You die...

....................##.......
######...........##.....#.
###.........##.##### ###
#.........##.# ..#
#............# #.#
#............# #
#.##########รท.(..#
#.#.#...#.#..).....#
#.#.....@.#..#.#####
#.......#o#..#.#
###.#...#......#
#.#...########### #.#...#
#....##.# #.....# #.##.##.#
###.#####.##....#
#...##....#####.##
#.####.#####.....#


You could see an orc wizard (invisible).

Vanquished Creatures
  Ijyb (D:3)
  2 adders (D:2)
  A worm (D:2)
  2 leopard geckos (D:2)
  5 orcs (D:3)
  5 giant cockroaches
  2 goblins (D:1)
  3 hobgoblins
  4 jackals (D:3)
  3 kobolds
  2 quokkas (D:2)
  4 bats
  7 frilled lizards
  4 rats
45 creatures vanquished.

Notes
Turn   | Place    | Note
-------+----------+-------------------------------------------
     0 | D:1      | b5mith the Deep Elf Conjurer began the quest for the Orb.
     0 | D:1      | Reached XP level 1. HP: 10/10 MP: 6/6
   485 | D:1      | Reached XP level 2. HP: 15/15 MP: 6/8
   997 | D:2      | Reached XP level 3. HP: 19/19 MP: 5/10
  1689 | D:3      | Noticed ultrashaft's ghost (amateur DrTm)
  1881 | D:3      | Reached XP level 4. HP: 24/24 MP: 8/11
  1886 | D:3      | Noticed Ijyb
  1930 | D:3      | Killed Ijyb
  1930 | D:3      | Reached skill level 5 in Conjurations
  1941 | D:3      | Killed from afar by an orc wizard

Vault maps used:
D:1:      denvon_arrival_planthouse
D:2:      first_ration
D:3:      minmay_misc_feat_x, supply_closet_lemuel, elyvilon_altar_3, uniq_ijyb

Skill      XL: |  1  2  3  4 |
---------------+-------------+-----
Stealth        | 3 |  3.7
Dodging        | 3 |  3.5
Spellcasting   | 4 |  4.1
Conjurations   | 5 |  5.0

Action                   |  1- 3 |  4- 6 || total
-------------------------+-------+-------++-------
Melee: Short sword       |       |    21 ||    21
 Cast: Magic Dart        |    81 |    17 ||    98
  Eat: Chunk             |     3 |       ||     3
Armor: Robe              |     3 |     4 ||     7
Dodge: Dodged            |     5 |    15 ||    20

Table legend:
 A = Spawn XP
 B = Non-spawn XP
 C = Spawn XP percentage of total XP
 D = Spawn monster count
 E = Non-spawn monster count
 F = Spawn count percentage of total count
 G = Total turns spent on level
                    A         B        C        D         E        F      G
               +---------+---------+-------+---------+---------+-------+---------
         Total |       0 |     142 |   0.0 |       0 |      45 |   0.0 |  1941
               +---------+---------+-------+---------+---------+-------+---------
           D:1 |       0 |      17 |   0.0 |       0 |      12 |   0.0 |   811
           D:2 |       0 |      56 |   0.0 |       0 |      16 |   0.0 |   839
           D:3 |       0 |      69 |   0.0 |       0 |      17 |   0.0 |   291
               +---------+---------+-------+---------+---------+-------+---------
